 Dungeon Crawl Stone Soup version 0.13-a0-1553-g7307ddf (webtiles) character file.

171 Kae the Chiller (level 4, 0/33 HPs)
             Began as a Draconian Ice Elementalist on June 10, 2013.
             Succumbed to a goblin's poison
             ... on Level 3 of the Dungeon.
             The game lasted 00:04:49 (1945 turns).

Kae the Chiller (Draconian Ice Elementalist)        Turns: 1945, Time: 00:04:50

HP   0/33        AC  5     Str 10      XL: 4   Next:  0%
MP   8/8         EV 12     Int 17      God:
Gold 104         SH  0     Dex 11      Spells:  2 memorised,  4 levels left

Res.Fire  : . . .   See Invis. : .   k - +0 quarterstaff
Res.Cold  : . . .   Warding    : .   (armour unavailable)
Life Prot.: . . .   Conserve   : .   (no shield)
Res.Poison: .       Res.Corr.  : .   (helmet restricted)
Res.Elec. : .       Clarity    : .   (no cloak)
Sust.Abil.: . .     Spirit.Shd : .   (no gloves)
Res.Mut.  : .       Stasis     : .   (no boots)
Res.Rott. : .       Flight     : .   (no amulet)
Saprovore : . . .                    (no ring)
                                     (no ring)

@: mildly poisoned, slightly resistant to hostile enchantments, unstealthy
A: unfitting armour, AC +5
a: no special abilities


You were on level 3 of the Dungeon.
You were not hungry.

You visited 1 branch of the dungeon, and saw 3 of its levels.

You collected 84 gold pieces.

Inventory:

Hand weapons
 k - a +0,+0 quarterstaff (weapon)
Magical devices
 i - a wand of frost (18) {unknown}
Comestibles
 c - 2 bread rations
 h - a meat ration
 j - a slice of pizza
 m - a rotting chunk of quokka flesh
 o - a honeycomb
Scrolls
 a - 3 scrolls of remove curse {unknown}
 e - 2 scrolls of identify {unknown}
 f - a scroll of fear {unknown}
 g - 3 scrolls of teleportation {unknown}
 n - a scroll of curse jewellery {unknown}
Jewellery
 l - an uncursed ring of wizardry {unknown}
Potions
 d - 2 potions of mutation {unknown}
Books
 b - a book of Frost

   Spells                             Type                      Level
   *Freeze                            Ice                          1
   *Throw Frost                       Conjuration/Ice              2
   Ozocubu's Armour                   Charms/Ice                   3
   Throw Icicle                       Conjuration/Ice              4
   Summon Ice Beast                   Ice/Summoning                4
   Condensation Shield                Ice                          4


   Skills:
 - Level 1.7 Dodging
 - Level 1.7 Stealth
 + Level 2.4 Spellcasting
 * Level 2.2 Conjurations
 + Level 3.5 Ice Magic


You had 4 spell levels left.
You knew the following spells:

 Your Spells              Type           Power        Failure   Level  Hunger
a - Freeze                Ice            ##..         4%          1    #......
b - Throw Frost           Conj/Ice       ##....       12%         2    ##.....


Dungeon Overview and Level Annotations

Branches:
Dungeon (3/27)

Altars:
Kikubaaqudgha


Message History

* * * LOW HITPOINT WARNING * * *
You feel sick.
You start resting.
* * * LOW HITPOINT WARNING * * *
You feel sick.
You start resting.
* * * LOW HITPOINT WARNING * * *
You feel sick.
You start resting.
* * * LOW HITPOINT WARNING * * *
You feel sick.
You start resting.
* * * LOW HITPOINT WARNING * * *
You feel sick.
You feel a little better.
You start resting.
* * * LOW HITPOINT WARNING * * *
You feel sick.
You start resting.
You die...

#.#.# ......... ...... ...
#.......#. .....#.##...#
#..###..#.
.........#...............
#.#..........# ..####....
......#.#...###. ####....
.......#)#........#.......
........................#.
##.#...?.@...#.#.##.##..##
#.###.#.#.#.#.##....... ..
#.#...........#.### .
#.#.......##..#.# #
.###.............<.###
#......................
#######.##..).###.####.
...##....###......
#.............####.


There were no monsters in sight!

Vanquished Creatures
  2 adders (D:2)
  A worm (D:3)
  A giant gecko (D:2)
  An orc (D:3)
  A giant cockroach (D:2)
  7 goblins
  7 hobgoblins
  3 jackals (D:2)
  3 quokkas (D:2)
  2 bats (D:3)
  7 kobolds
  3 rats
38 creatures vanquished.

Notes
Turn   | Place    | Note
--------------------------------------------------------------
     0 | D:1      | Kae, the Draconian Ice Elementalist, began the quest for the Orb.
     0 | D:1      | Reached XP level 1. HP: 14/14 MP: 3/3
   758 | D:1      | Reached XP level 2. HP: 20/20 MP: 4/4
   762 | D:1      | Learned a level 2 spell: Throw Frost
  1019 | D:2      | Found an ancient bone altar of Kikubaaqudgha.
  1164 | D:2      | Reached XP level 3. HP: 23/26 MP: 4/6
  1927 | D:3      | Reached XP level 4. HP: 16/33 MP: 8/8
  1944 | D:3      | HP: 1/33 [poisoned by a goblin]
  1945 | D:3      | Succumbed to a goblin's poison

Action                   |  1- 3 |  4- 6 || total
-------------------------+-------+-------++-------
Melee: Unarmed           |    20 |       ||    20
       Quarterstaff      |    49 |       ||    49
 Cast: Freeze            |    44 |       ||    44
 Stab: Sleeping          |     2 |       ||     2
